AoeStats
← felfel_me7shi

Oasis

509934080Analyzed
2v2 RM · 2d ago on Sep 28, 2026· 69m 29s· 4 players
Game mode
Random Map
Map size
Medium (4 player)
Population
200
Speed
Normal
Resources
Standard
Victory
Conquest
Starting age
Dark Age
Ending age
Imperial Age
RankedLock teamsTeams togetherTeam positionsShared explorationLock speedFull tech treeHidden civsTurbo modeCheats
Victory
Defeat
🇫🇷 Danes · France
1149
+15
🇨🇦 Bulgarians · Canada
1149
+15
🇬🇧 Goths · United Kingdom
1129
-15
🇨🇾 Khmer · Cyprus
1128
-15
gamtila
3:05 Loom
9:27 Feudal Age
9:38 Man-at-Arms
10:31 Double-Bit Axe
20:20 Castle Age
18:37 Bloodlines
19:49 Stone Mining
27:08 Bow Saw
35:41 Long Swordsman
37:23 Wheelbarrow
38:52 Scale Mail Armor
39:49 Pikeman
48:09 Imperial Age
48:37 Halberdier
49:18 Squires
52:58 Anarchy
54:27 Elite Huskarl
57:17 Two-Handed Swordsman
Dalton
6:19 Loom
9:40 Feudal Age
10:16 Double-Bit Axe
18:09 Castle Age
17:32 Bloodlines
19:42 Town Watch
20:34 Wheelbarrow
31:25 Light Cavalry
50:08 Imperial Age
48:10 Bow Saw
49:20 Scale Barding Armor
49:26 Forging
50:33 Heavy Scorpion
52:07 Conscription
51:50 Double Crossbow
52:11 Conscription
58:17 Hand Cart
59:25 Hussar
68:07 Ballistics
68:47 Chemistry
felfel_me7shi
6:50 Loom
11:52 Feudal Age
12:35 Double-Bit Axe
21:00 Castle Age
20:17 Scale Mail Armor
20:33 Forging
21:17 Pikeman
29:09 Bow Saw
34:15 Fletching
43:47 Horse Collar
47:57 Squires
49:34 Chain Mail Armor
49:54 Iron Casting
49:36 Arson
49:27 Hamask
53:11 Wheelbarrow
55:41 Imperial Age
55:16 Hand Cart
55:55 Halberdier
56:00 Capped Ram
57:19 Block Printing
57:28 Sanctity
57:49 Plate Mail Armor
58:42 Onager
61:41 Siege Engineers
61:59 Ballistics
64:39 Onager
65:57 Heavy Plow
68:25 Conscription
Linoseros
5:02 Loom
11:02 Feudal Age
13:01 Forging
13:29 Scale Mail Armor
13:20 Fletching
13:43 Scale Barding Armor
15:31 Fletching
17:02 Double-Bit Axe
17:28 Padded Archer Armor
17:54 Arson
28:45 Castle Age
28:28 Bloodlines
29:50 Squires
29:37 Gambesons
33:01 Iron Casting
32:47 Horse Collar
34:18 Husbandry
35:27 Chain Barding Armor
36:47 Chain Mail Armor
46:26 Stirrups
51:34 Imperial Age
50:35 Bow Saw
52:35 Ballistics
53:16 Chemistry
52:52 Plate Mail Armor
55:51 Plate Barding Armor
59:51 Capped Ram
62:11 Pikeman
64:19 Blast Furnace
65:59 Heavy Plow
66:06 Cavalier
Connection lost

Rejoining the realm…

Still unreachable

The connection could not be restored.

Session expired

The server has moved on; the page needs a fresh start.